 Dungeon Crawl Stone Soup version 0.28.0 (webtiles) character file.

Game seed: 9005203421563647867

30 Skilfsilihog the Skirmisher (level 3, -1/34 HPs)
             Began as a Minotaur Fighter on Feb 19, 2022.
             Slain by Sigmund (8 damage)
             ... on level 2 of the Dungeon.
             The game lasted 00:01:33 (742 turns).

Skilfsilihog the Skirmisher (Minotaur Fighter)       Turns: 742, Time: 00:01:34

Health: -1/34      AC:  7    Str: 26    XL:     3   Next: 5%
Magic:  2/2        EV:  9    Int:  7    God:
Gold:   36         SH:  0    Dex:  9    Spells: 2/2 levels left

rFire   . . .      SeeInvis .   a - +0 war axe
rCold   . . .      Faith    .   c - +0 buckler
rNeg    . . .      Spirit   .   b - +0 scale mail
rPois   .          Reflect  .   (helmet restricted)
rElec   .          Harm     .   (no cloak)
rCorr   .          Rampage  .   (no gloves)
Will    .....                   (no boots)
Stlth   ..........              (no amulet)
HPRegen 0.11/turn               f - +6 ring of strength
MPRegen 0.08/turn               (no ring)

@: confused, mighty
A: horns 2, retaliatory headbutt
a: no special abilities


You were on level 2 of the Dungeon.
You visited 1 branch of the dungeon, and saw 2 of its levels.

You collected 36 gold pieces.

Inventory:

Hand Weapons
 a - a +0 war axe (weapon)
Armour
 b - a +0 scale mail (worn)
 c - a +0 buckler (worn)
Jewellery
 f - a +6 ring of strength (left hand)
Scrolls
 e - a scroll of teleportation {unknown}
 h - a scroll of holy word {unknown}
Potions
 g - a potion of curing {unknown}
 i - a potion of degeneration {unknown}


   Skills:
 + Level 4.6 Fighting
 - Level 2.7 Axes
 - Level 3.8 Armour
 - Level 3.8 Shields


You had 2 spell levels left.
You didn't know any spells.
Your spell library was empty.

Dungeon Overview and Level Annotations

Branches:
Dungeon (2/15)

Altars:

Annotations:
D:2 Sigmund


Innate Abilities, Weirdness & Mutations

You have a pair of horns on your head.
You reflexively headbutt those who attack you in melee.


Message History

Increase (S)trength, (I)ntelligence, or (D)exterity?
You feel clever. x2
You see here a quokka corpse.
i - an orange potion Sigmund the Dreaded comes into view.
He is wielding a +0 scythe.
Sigmund shouts!
Sigmund casts a spell.
Sigmund flickers and vanishes!
Deactivating autopickup; reactivate with Ctrl-A.
Something hits you.
You barely miss something.
You hear some strange, mumbled words.
Something tries to affect you, but you resist.
Something hits you but does no damage.
You barely miss something. Your headbutt misses something.
You block something's attack.
You miss something. Something hits you but does no damage.
You barely miss something. Your headbutt misses something.
You barely miss something. Something hits you.
You hit something but do no damage. Something hits you.
You closely miss something. Something hits you!
You closely miss something. Your headbutt misses something.
Something hits you but does no damage.
You closely miss something. Your headbutt misses something.
Something hits you but does no damage.
You barely miss something. Something hits you!
You miss something. Something hits you but does no damage.
You miss something.
You hear some strange, mumbled words.
You are confused.
Sorry, you're not good enough to have a special ability.
You feel very mighty all of a sudden.
You hear some strange, mumbled words.
A puff of flame appears from out of thin air!
The puff of flame hits you.
* * * LOW HITPOINT WARNING * * *
You barely miss something. Something hits you but does no damage.
You bump into the rock wall.
Something hits you but does no damage.
You barely miss something. Something hits you!
You die...

..# #.#
#.# #.#
#.# #.#
#{# #@#
#.# #.#
#####.#
#.....#
#.#####
#.# #.#
#.# #.#
#.# #.#


There were no monsters in sight!

Vanquished Creatures
  An adder (D:2)
  A dart slug (D:1)
  2 ball pythons (D:1)
  2 bats (D:1)
  2 endoplasms (D:1)
  A giant cockroach (D:1)
  3 goblins (D:1)
  2 hobgoblins (D:1)
  A quokka (D:2)
  2 rats (D:1)
17 creatures vanquished.

Notes
Turn   | Place    | Note
-------+----------+-------------------------------------------
     0 | D:1      | Skilfsilihog the Minotaur Fighter began the quest for the
                  | Orb.
     0 | D:1      | Reached XP level 1. HP: 19/19 MP: 0/0
   130 | D:1      | Reached XP level 2. HP: 23/27 MP: 1/1
   199 | D:1      | Reached skill level 4 in Fighting
   446 | D:1      | Found a faded altar of an unknown god.
   689 | D:2      | Reached XP level 3. HP: 34/34 MP: 2/2
   722 | D:2      | Noticed Sigmund
   742 | D:2      | Slain by Sigmund

Illustrated notes

Levels and vault maps discovered:
D:1:      ncdulo_wetmaze, layout_basic, ebering_ecumenical_altar_sacrificial
D:2:      layout_loops_ring, serial_shops, nicolae_shop_waterfront,
          minmay_pentomino_p2, uniq_sigmund

Skill      XL: |  1  2 |
---------------+-------+-----
Fighting       | 4 |  4.6
Axes           | |  2.7
Armour         | |  3.8
Shields        | |  3.8

Action                   || total
-------------------------++-------
Melee: War axe           ||    41
       Headbutt          ||     3
  Use: Potion            ||     1
Armor: Scale mail        ||    20
Dodge: Dodged            ||    21
Block: Buckler           ||     6
